 Dungeon Crawl Stone Soup version 0.27-a0-67-g4bfc8a49e1 (webtiles) character file.

Game seed: 3355682992583233047

1198 Frask the Cleaver (level 8, 0/73 HPs)
             Began as a Minotaur Monk on Jan 10, 2021.
             Slain by an orc
             ... wielding a +0 falchion
              (7 damage)
             ... on level 6 of the Dungeon.
             The game lasted 00:17:26 (4337 turns).

Frask the Cleaver (Minotaur Monk)                   Turns: 4337, Time: 00:17:27

Health: 0/73       AC:  8    Str: 18    XL:     8   Next: 20%
Magic:  7/7        EV: 14    Int:  7    God:
Gold:   330        SH:  0    Dex: 13    Spells: 7/7 levels left

rFire    . . .     SeeInvis .   f - +3 mace (holy)
rCold    . . .     Faith    .   (no shield)
rNeg     . . .     Spirit   .   b - +0 leather armour (curse)
rPois    .         Reflect  .   (helmet restricted)
rElec    .         Harm     .   (no cloak)
rCorr    .         Rampage  .   g - +2 pair of gloves
Will     .....                  k - +0 pair of boots
Stlth    ++........             (no amulet)
HPRegen  0.22/turn              (no ring)
MPRegen  0.10/turn              (no ring)

@: no status effects
A: retaliatory headbutt, horns 2
a: no special abilities


You were on level 6 of the Dungeon.
You visited 1 branch of the dungeon, and saw 6 of its levels.

You collected 330 gold pieces.

Inventory:

Hand Weapons
 a - a +0 hand axe
 f - a +3 mace of holy wrath (weapon)
Armour
 b - a cursed +0 leather armour (worn)
 g - a +2 pair of gloves (worn)
 k - a +0 pair of boots (worn)
Wands
 p - a wand of paralysis (11)
 s - a wand of flame (20)
Scrolls
 c - 2 scrolls of teleportation
 d - 2 scrolls of enchant weapon
 h - 2 scrolls of remove curse
 l - 3 scrolls of fog {unknown}
 q - 2 scrolls of enchant armour {unknown}
 r - 5 scrolls of identify {unknown}
 v - 2 scrolls of fear {unknown}
Potions
 e - 4 potions of curing {unknown}
 i - 3 potions of heal wounds {unknown}
 j - a potion of ambrosia {unknown}
 m - 2 potions of lignification {unknown}
 n - 2 potions of magic {unknown}
 o - 2 potions of mutation {unknown}
 t - a potion of brilliance {unknown}
 u - a potion of flight {unknown}
 w - a potion of resistance {unknown}


   Skills:
 + Level 7.1 Fighting
 + Level 8.1 Axes
 - Level 5.0 Armour
 - Level 5.0 Dodging
 - Level 2.0 Stealth


You had 7 spell levels left.
You didn't know any spells.
Your spell library was empty.

Dungeon Overview and Level Annotations

Branches:
Dungeon (6/15)
 Temple: D:4-7

Altars:

Annotations:
D:5 2 transporters, Coaxmetal's ghost, amateur DrTm


Innate Abilities, Weirdness & Mutations

You reflexively headbutt those who attack you in melee.
You have a pair of horns on your head.


Message History

The lemure departs this earthly plane. x4
Your Fighting skill gained 2 levels and is now at level 7!
Your Axes skill increases to level 8!
You have reached level 8!
You feel agile.
There is a stone staircase leading up here.
You climb upwards.
Level annotation: 2 transporters, Coaxmetal's ghost, amateur DrTm
There is a stone staircase leading down here.
You can't go up here!
You climb downwards.
The orc hits you but does no damage. The orc misses you.
There is a stone staircase leading up here.
You closely miss the orc. The orc completely misses you.
You hit the orc. Your headbutt misses the orc.
The orc is lightly wounded.
The orc closely misses you.
You barely miss the orc.
The orc is lightly wounded.
The orc hits you with a +0 falchion!
You die...

#.#
#.55..#)......
#.###(####.#
#.....# #.#
###.### #5# #.
#.# #.#
##...##.### #.#
..........# #.#
........#.####.#
..Y.....#.[@o..#
?.......########
.?....l.#
.?.....##
#...... ##...##


You could see an orc.

Vanquished Creatures
  Pikel (D:6)
  An ice beast (D:6)
  A phantom (D:4)
  An ogre (D:5)
  A centaur (D:5)
  A howler monkey (D:5)
  An iguana (D:4)
  Ijyb (D:4)
  2 orc wizards (D:4)
  A worker ant (D:4)
  Robin (D:3)
  3 gnolls (D:5)
  8 adders
  A white imp (D:5)
  An ufetubus (D:5)
  2 worms
  2 dart slugs (D:1)
  3 leopard geckos
  11 orcs
  9 bats
  7 giant cockroaches
  9 goblins
  3 hobgoblins (D:3)
  7 jackals
  2 quokkas
  2 ball pythons
  4 frilled lizards
  A jackal skeleton (D:5)
  5 kobolds
  5 rats
97 creatures vanquished.

Notes
Turn   | Place    | Note
-------+----------+-------------------------------------------
     0 | D:1      | Frask the Minotaur Monk began the quest for the Orb.
     0 | D:1      | Reached XP level 1. HP: 19/19 MP: 0/0
   271 | D:1      | Reached skill level 4 in Axes
   274 | D:1      | Reached XP level 2. HP: 17/26 MP: 1/1
   953 | D:2      | Reached XP level 3. HP: 28/31 MP: 2/2
   983 | D:2      | You fall into a shaft and drop 2 floors!
  1176 | D:2      | Reached XP level 4. HP: 31/39 MP: 3/3
  2100 | D:3      | Noticed Robin
  2111 | D:3      | Killed Robin
  2112 | D:3      | Reached skill level 1 in Armour
  2121 | D:3      | Reached skill level 5 in Dodging
  2335 | D:3      | Reached skill level 5 in Axes
  2335 | D:3      | Reached XP level 5. HP: 36/45 MP: 4/4
  2809 | D:4      | Noticed a phantom
  2848 | D:4      | Killed a phantom
  2849 | D:4      | Reached skill level 6 in Axes
  3031 | D:4      | Reached XP level 6. HP: 48/51 MP: 5/5
  3061 | D:4      | Noticed Ijyb
  3069 | D:4      | Paralysed by Ijyb for 6 turns
  3079 | D:4      | Killed Ijyb
  3448 | D:5      | Entered Level 5 of the Dungeon
  3459 | D:5      | Reached skill level 5 in Armour
  3610 | D:5      | Reached XP level 7. HP: 43/59 MP: 6/6
  3829 | D:5      | Noticed a hornet
  3851 | D:5      | Found a transporter.
  3851 | D:5      | Noticed Coaxmetal's ghost (amateur DrTm)
  3855 | D:5      | Found a transporter.
  4304 | D:6      | Noticed Pikel
  4317 | D:6      | Reached skill level 5 in Fighting
  4317 | D:6      | Reached skill level 7 in Axes
  4328 | D:6      | Killed Pikel
  4329 | D:6      | Reached skill level 8 in Axes
  4329 | D:6      | Reached XP level 8. HP: 5/73 MP: 7/7
  4337 | D:6      | Slain by an orc

Illustrated notes

Levels and vault maps discovered:
D:1:      erik_arrival_orb_chamber, layout_basic
D:2:      layout_basic
D:3:      layout_loops_ring, chequers_serial_rivers_marsh,
          minmay_misc_feat_rugged, minmay_circle_x, uniq_robin
D:4:      layout_rooms, minivault_14, kennysheep_small_square, uniq_ijyb
D:5:      layout_loops_cross, gammafunk_ghost_hive, patterned_corridor
D:6:      layout_loops_ring, wad_floor_pattern_untrapped,
          uniq_crazy_yiuf_cottage, uniq_eustachio, uniq_pikel

Skill      XL: |  1  2  3  4  5  6  7 |
---------------+----------------------+-----
Axes           | 4 5 6 8 |  8.1
Stealth        | 2 |  2.0
Dodging        | 4 5 |  5.0
Armour         | 1 2 5 |  5.0
Fighting       | 4 7 |  7.1

Action                   |  1- 3 |  4- 6 |  7- 9 || total
-------------------------+-------+-------+-------++-------
Melee: Hand axe          |     7 |       |       ||     7
       Headbutt          |     5 |    16 |    11 ||    32
       Whip              |    50 |    35 |       ||    85
       Mace              |       |    86 |    44 ||   130
  Use: Scroll            |       |     4 |       ||     4
 Stab: Sleeping          |     6 |     1 |     1 ||     8
Armor: Leather armour    |    12 |    45 |    14 ||    71
Dodge: Dodged            |    39 |    92 |    49 ||   180

Table legend: (Time is in decaauts)
 A = Elapsed time spent in this place.
 B = Non-inter-level travel time spent in this place.
 C = Inter-level travel time spent in this place.
 D = Time resting spent in this place.
 E = Time spent auto-exploring this place.
 F = Levels seen in this place.
 G = Mean time per level.
                   A        B        C        D        E       F      G
               +--------+--------+--------+--------+--------+-----+--------+
         Total |   4370 |   4258 |    112 |    202 |   3195 |   6 |  728.3 |
       Dungeon |   4370 |   4258 |    112 |    202 |   3195 |   6 |  728.3 |
               +--------+--------+--------+--------+--------+-----+--------+

Top non-repeatable levels by time:
     D:3: 1105 daAuts
     D:1: 868 daAuts
     D:5: 827 daAuts
     D:2: 755 daAuts
     D:4: 741 daAuts
     D:6: 72 daAuts
